 Dungeon Crawl Stone Soup version 0.27-a0-1219-g958d993ae5 (webtiles) character file.

Game seed: 11840433592641737647

457 bande the Shield-Bearer (level 7, -7/44 HPs)
             Began as a Gargoyle Fighter on June 6, 2021.
             Mangled by an ogre
             ... wielding a +0 giant club
              (23 damage)
             ... on level 3 of the Dungeon.
             The game lasted 00:05:44 (4180 turns).

bande the Shield-Bearer (Gargoyle Fighter)          Turns: 4180, Time: 00:05:45

Health: -7/44      AC: 15    Str: 20    XL:     7   Next: 6%
Magic:  7/7        EV: 12    Int:  9    God:
Gold:   126        SH: 10    Dex: 16    Spells: 6/6 levels left

rFire    + . .     SeeInvis .   a - +0 war axe
rCold    + + .     Faith    .   c - +0 kite shield
rNeg     + . .     Spirit   .   b - +2 scale mail {rC+}
rPois    ∞         Reflect  .   (no helmet)
rElec    +         Harm     .   j - scarf {rC+ rF+}
rCorr    .         Rampage  .   m - +0 pair of gloves
Will     .....                  (no boots)
Stlth    ..........             (no amulet)
HPRegen  0.14/turn              h - +6 ring of dexterity
MPRegen  0.10/turn              f - +4 ring of evasion

@: no status effects
A: sickness immunity, AC +4, negative energy resistance 1, electricity
resistance, torment resistance 1, petrification resistance
a: no special abilities


You were on level 3 of the Dungeon.
You visited 1 branch of the dungeon, and saw 4 of its levels.

You collected 126 gold pieces.

Inventory:

Hand Weapons
 a - a +0 war axe (weapon)
Armour
 b - a +2 scale mail of cold resistance (worn)
 c - a +0 kite shield (worn)
 j - a scarf of resistance (worn)
 m - a +0 pair of gloves (worn)
Jewellery
 f - a +4 ring of evasion (right hand)
 g - a ring of positive energy
 h - a +6 ring of dexterity (left hand)
Wands
 l - a wand of acid (10)
Scrolls
 i - a scroll of fog {unknown}
Potions
 d - 2 potions of might
 e - a potion of haste {unknown}
 k - a potion of brilliance {unknown}


   Skills:
 + Level 4.3 Fighting
 + Level 4.2 Axes
 + Level 4.5 Armour
 + Level 1.2 Dodging
 + Level 4.7 Shields
 * Level 1.3 Evocations


You had 6 spell levels left.
You didn't know any spells.
Your spell library was empty.

Dungeon Overview and Level Annotations

Branches:
Dungeon (4/15)
 Temple: D:4-7

Altars:
Gozag


Innate Abilities, Weirdness & Mutations

You are immune to sickness and miasma.
Your stone body is resilient. (AC +4)
You are immune to poison.
You resist negative energy. (rN+)
You are resistant to electric shocks. (rElec)
You are resistant to unholy torment.
You are immune to petrification.


Message History

You climb downwards.
The orc wizard casts a spell at you.
The puff of flame hits you but does no damage.
There is a stone staircase leading up here.
An ogre comes into view. It is wielding a +0 giant club.
The ogre shouts!
The orc wizard zaps a wand.
You suddenly lose the ability to move!
The orc wizard gestures at you while chanting.
You resist with some effort. The orc wizard casts a spell at you.
The puff of flame hits you but does no damage.
You can move again.
There is a stone staircase leading up here.
The orc wizard zaps a wand.
You resist with some effort.
You climb upwards.
There is a stone staircase leading down, spattered with blood here.
You start waiting.
Done waiting.
You climb downwards.
You block the ogre's attack.
The orc wizard zaps a wand.
You resist with some effort.
The now-empty wand crumbles to dust.
There is a stone staircase leading up here.
You block the ogre's attack.
You climb upwards.
There is a stone staircase leading down, spattered with blood here.
You hit the ogre.
The ogre is lightly wounded.
The ogre misses you.
You hit the ogre.
The ogre is moderately wounded.
The ogre hits you with a +0 giant club.
You hit the ogre.
The ogre is moderately wounded.
The ogre hits you with a +0 giant club!!
Ouch! That really hurt!
The ogre barely misses you.
You barely miss the ogre.
The ogre is moderately wounded.
The ogre hits you with a +0 giant club!!
Ouch! That really hurt!
You die...

#.#.##.# #.# #.#.#.# #...
#.#.##.# #.# #.#.#.# ###.
##.#.##.####.# #.#.#.# #. #
##............# #.#.#.# #.
###.#.#.##.###### #.#.#.#
#. ...........#
##.#.#.##### #.
###.#.#.#..## ##..#.<.....#
#. #
##........#####O#.#.......#
#.
######...#...@###..#.#####
#) #......[## ##...# #.
#..).[[## ##..# ##
#......(## ##.#.# #
#...#....###..#.# #
#.......[.#.#.#.# # ####
##################### #
...#
#........)..........######
##.#
###...#...#...#...#..#.....


You could see an ogre.

Vanquished Creatures
  A necrophage (D:3)
  A scorpion (D:4)
  An orc priest (D:2)
  An iguana (D:3)
  3 orc wizards
  An adder (D:3)
  8 gnolls
  A worm (D:2)
  2 dart slugs
  5 orcs
  4 endoplasms (D:1)
  4 giant cockroaches
  6 goblins
  7 hobgoblins
  3 jackals
  5 kobolds
  2 quokkas (D:1)
  8 ball pythons
  4 bats
  A frilled lizard (D:1)
  5 rats
73 creatures vanquished.

Vanquished Creatures (others)
  An orc wizard (D:3)
1 creature vanquished.

Grand Total: 74 creatures vanquished

Notes
Turn   | Place    | Note
-------+----------+-------------------------------------------
     0 | D:1      | bande the Gargoyle Fighter began the quest for the Orb.
     0 | D:1      | Reached XP level 1. HP: 14/14 MP: 1/1
    94 | D:1      | Reached XP level 2. HP: 12/19 MP: 2/2
   266 | D:1      | Reached XP level 3. HP: 7/23 MP: 3/3
   757 | D:1      | Found a faded altar of an unknown god.
  2055 | D:2      | Reached XP level 4. HP: 24/29 MP: 4/4
  2902 | D:2      | Reached XP level 5. HP: 32/33 MP: 5/5
  3165 | D:3      | Found an opulent altar of Gozag.
  3483 | D:3      | Reached XP level 6. HP: 30/38 MP: 6/6
  3602 | D:4      | Noticed a necrophage
  3628 | D:3      | Killed a necrophage
  3629 | D:3      | Reached skill level 1 in Dodging
  3629 | D:3      | Reached skill level 1 in Evocations
  3795 | D:4      | Paralysed by an orc wizard for 6 turns
  3823 | D:3      | Reached XP level 7. HP: 24/43 MP: 7/7
  4066 | D:4      | Paralysed by an orc wizard for 3 turns
  4180 | D:3      | Mangled by an ogre

Illustrated notes

Levels and vault maps discovered:
D:1:      dpeg_arrival_water_temple_mockup, layout_basic,
          hellmonk_ecumenical_altar_slurped_away
D:2:      layout_loops_cross
D:3:      layout_loops_ring, lemuel_coloured_pillars_altar,
          chequers_serial_rivers_marsh
D:4:      layout_loops_ring, nemelex_diamond_rough_becter, item_on_display_a,
          uniq_sigmund

Skill      XL: |  1  2  3  4  5  6 |
---------------+-------------------+-----
Axes           | 2 3 4 |  4.2
Armour         | 4 |  4.5
Shields        | 4 |  4.7
Fighting       | 4 |  4.3
Dodging        | 1 |  1.2
Evocations     | 1 |  1.3

Action                   |  1- 3 |  4- 6 |  7- 9 || total
-------------------------+-------+-------+-------++-------
Melee: War axe           |   113 |   123 |     9 ||   245
  Use: Scroll            |     1 |     1 |       ||     2
Armor: Scale mail        |    55 |    56 |     6 ||   117
       Chain mail        |       |    39 |       ||    39
Dodge: Dodged            |    29 |    63 |     4 ||    96
Block: Kite shield       |    63 |    92 |     2 ||   157

Table legend: (Time is in decaauts)
 A = Elapsed time spent in this place.
 B = Non-inter-level travel time spent in this place.
 C = Inter-level travel time spent in this place.
 D = Time resting spent in this place.
 E = Time spent auto-exploring this place.
 F = Levels seen in this place.
 G = Mean time per level.
                   A        B        C        D        E       F      G
               +--------+--------+--------+--------+--------+-----+--------+
         Total |   4340 |   4333 |      7 |   1048 |   2442 |   4 | 1085.0 |
       Dungeon |   4340 |   4333 |      7 |   1048 |   2442 |   4 | 1085.0 |
               +--------+--------+--------+--------+--------+-----+--------+

Top non-repeatable levels by time:
     D:1: 1626 daAuts
     D:3: 1503 daAuts
     D:2: 1097 daAuts
     D:4: 112 daAuts
